 Dungeon Crawl Stone Soup version 0.25-a0-843-g6944ee31a2 (webtiles) character file.

Game seed: 7493239011663612285, levelgen mode: deterministic

3061 Error4North the Protected (level 9, -4/78 (79) HPs)
             Began as a Hill Orc Fighter on Apr 24, 2020.
             Slain by an orc warrior
             ... wielding a +0 battleaxe
              (9 damage)
             ... on level 8 of the Dungeon on Apr 25, 2020.
             The game lasted 00:30:10 (8548 turns).

Error4North the Protected (Hill Orc Fighter)        Turns: 8548, Time: 00:30:13

HP:   -4/78 (79)    AC: 11    Str: 22    XL:     9   Next: 88%
MP:   9/9           EV:  7    Int:  8    God:
Gold: 443           SH: 12    Dex: 10    Spells: 8/8 levels left

rFire    . . .     SeeInvis +   g - +3 mace
rCold    . . .     Gourm    .   c - +1 kite shield
rNeg     . . .     Faith    .   r - +0 chain mail
rPois    +         Spirit   .   (no helmet)
rElec    .         Reflect  .   (no cloak)
rCorr    .         Harm     .   (no gloves)
MR       .....                  (no boots)
Stlth    ..........             (no amulet)
HPRegen  0.23/turn              k - ring of see invisible
MPRegen  0.11/turn              b - ring of poison resistance

@: brilliant, about to teleport
A: no striking features
a: no special abilities


You were on level 8 of the Dungeon.
You were not hungry.

You visited 2 branches of the dungeon, and saw 9 of its levels.
You also visited: Sewer.

You collected 443 gold pieces.

Inventory:

Hand Weapons
 a - a +1 war axe
 g - a +3 mace (weapon)
 n - a +1 flail of draining
Missiles
 m - 12 boomerangs (quivered)
Armour
 c - a +1 kite shield (worn)
 r - a +0 chain mail (worn)
Jewellery
 b - a ring of poison resistance (right hand)
 k - a ring of see invisible (left hand)
Scrolls
 e - a scroll of magic mapping
 h - 2 scrolls of identify
 j - 6 scrolls of remove curse {unknown}
 l - 3 scrolls of teleportation
 o - a scroll of immolation {unknown}
 p - 4 scrolls of fear {unknown}
 q - 5 scrolls of noise {unknown}
 s - 2 scrolls of enchant weapon
 t - a scroll of enchant armour
 v - a scroll of blinking {unknown}
Potions
 i - 5 potions of curing
Comestibles
 d - 6 chunks of flesh
 f - 13 rations


   Skills:
 * Level 7.3 Fighting
 + Level 3.9(6.7) Axes
 + Level 7.0(7.4) Maces & Flails
 + Level 2.2 Throwing
 * Level 8.3 Armour
 + Level 1.4 Dodging
 + Level 0.4 Stealth
 * Level 7.9 Shields


You had 8 spell levels left.
You didn't know any spells.
Your spell library was empty.

Dungeon Overview and Level Annotations

Branches:
Dungeon (8/15)             Temple (1/1) D:5           Sewer (visited)
   Lair: D:8-11

Altars:
Ashenzari
Cheibriados
Elyvilon
Fedhas
Gozag
Hepliaklqana
Kikubaaqudgha
Makhleb
Nemelex Xobeh
Okawaru
Qazlal
Sif Muna
Trog
Uskayaw
Vehumet
Wu Jian
Xom
Yredelemnul
Zin
The Shining One

Shops:
D:8 [

Annotations:
D:3 2 transporters, wvc's ghost, amateur CeWn
D:6 3 runed translucent doors, Vazz's ghost, novice GnMo
D:8 Pikel


Message History

The orc warrior hits you with a +0 battleaxe!
* * * LOW HITPOINT WARNING * * *
As you read the scroll labeled IBIDISHRU DUMI, it crumbles to dust.
It is a scroll of enchant weapon.
Your +0 war axe glows red for a moment.
The orc wizard hits you but does no damage.
You block the orc wizard's attack.
As you read the scroll labeled NUMISH LANWYAZ, it crumbles to dust.
It is a scroll of enchant armour.
Your +0 kite shield glows green for a moment.
You block the orc warrior's attack.
The orc wizard gestures at you while chanting.
The magic dart hits you but does no damage.
As you read the scroll labeled MECHOX TYLOE, it crumbles to dust.
You feel strangely unstable.
It was a scroll of teleportation.
The orc wizard casts a spell at you. The magic dart hits you.
* * * LOW HITPOINT WARNING * * *
The orc warrior hits you with a +0 battleaxe!
You die...

********###################
*,,,,,,,,..#.........|.))†.
*,******##.#.#####.#.######
*,* ##⌠.⌠.# #.#.###### *,*
#)._..# #.#....... * *,*
#.⌠.⌠.#####.######## * *,*
#......>....# *
*,*#########.#######
*******,*#....oo@oo#
,,,,,**,*#.#########
########## ,,,,,**,**,*
#......... ,,,,,,,,**,*
#.#######. ***,,*****,* #.#
#. *,,* *,* #.# #. *,,* *,*
*#.#* #)
*,,*****,********** #####
#)
*,,,,,,,>,,,,,,,,,**##_##*
#)


You could see an orc warrior, 2 orc wizards and an orc.

Vanquished Creatures
  A hippogriff (D:8)
  A hungry ghost (D:7)
  2 orc warriors (D:8)
  A sky beast (D:6)
  2 ice beasts
  3 phantoms
  5 ogres
  A necrophage (D:6)
  A centaur (D:5)
  A crocodile (Sewer)
  A bullfrog (D:6)
  4 scorpions
  A howler monkey (D:7)
  3 crimson imps
  A bullfrog zombie (D:7)
  A centaur zombie (D:6)
  2 hounds
  A jelly (D:7)
  A gnoll shaman (D:8)
  8 orc wizards
  2 orc priests
  A centaur skeleton (D:5)
  2 bullfrog skeletons (D:4)
  2 worker ants
  2 worker ant zombies
  13 gnolls
  5 adders
  A shadow imp (D:6)
  An ooze (D:3)
  2 adder skeletons
  4 worms
  2 dart slugs
  10 leopard geckos
  34 orcs
  11 giant cockroaches
  7 goblins
  9 hobgoblins
  14 jackals
  4 quokkas
  2 ball pythons
  8 bats
  5 frilled lizards
  8 kobolds
  8 rats
198 creatures vanquished.

Notes
Turn   | Place    | Note
-------+----------+-------------------------------------------
     0 | D:1      | Error4North the Hill Orc Fighter began the quest for the
                  | Orb.
     0 | D:1      | Reached XP level 1. HP: 19/19 MP: 1/1
   652 | D:1      | Reached XP level 2. HP: 27/27 MP: 2/2
   991 | D:1      | Reached XP level 3. HP: 19/33 MP: 3/3
  1702 | D:3      | Reached XP level 4. HP: 37/40 MP: 4/4
  2211 | D:3      | Reached XP level 5. HP: 47/47 MP: 5/5
  2229 | D:3      | Reached skill level 1 in Maces & Flails
  2260 | D:3      | Reached skill level 4 in Armour
  2675 | D:3      | Found a transporter.
  2675 | D:3      | Noticed wvc's ghost (amateur CeWn)
  2675 | D:3      | Identified the cursed +3 great mace of Action {flame,
                  | *Corrode rF+ Stlth+}
  2675 | D:3      | Noticed an ogre
  2676 | D:3      | Found a transporter.
  2677 | D:3      | Noticed an ogre
  2677 | D:3      | Noticed an ogre
  2858 | D:4      | Reached skill level 1 in Throwing
  2893 | D:4      | Reached skill level 5 in Fighting
  2893 | D:4      | Reached XP level 6. HP: 38/56 MP: 6/6
  3001 | D:4      | Found a stormy altar of Qazlal.
  3002 | D:4      | Found an iron altar of Okawaru.
  3068 | D:4      | Found a bloodstained altar of Trog.
  3177 | D:4      | Reached XP level 7. HP: 44/61 MP: 7/7
  3194 | D:4      | Found a glowing drain.
  3201 | Sewer    | Entered a sewer
  3279 | Sewer    | Upgraded the game from 0.25-a0-842-g81a31cfd23 to
                  | 0.25-a0-843-g6944ee31a2
  3350 | Sewer    | Reached skill level 5 in Shields
  3459 | D:4      | Reached skill level 5 in Armour
  3941 | D:5      | Entered Level 5 of the Dungeon
  3988 | D:5      | Reached XP level 8. HP: 67/70 MP: 8/8
  4060 | D:5      | Found a staircase to the Ecumenical Temple.
  4068 | Temple   | Entered the Ecumenical Temple
  4495 | D:5      | Reached skill level 1 in Dodging
  4843 | D:5      | Reached skill level 6 in Armour
  5098 | D:5      | Reached skill level 5 in Maces & Flails
  5598 | D:6      | Found a runed translucent gate.
  5599 | D:6      | Found a runed translucent gate.
  5600 | D:6      | Found a runed translucent gate.
  5602 | D:6      | Noticed Vazz's ghost (novice GnMo)
  5602 | D:6      | Noticed a two-headed ogre
  6098 | D:6      | Reached XP level 9. HP: 72/76 MP: 9/9
  6299 | D:6      | Reached skill level 7 in Armour
  7121 | D:7      | Found an ancient bone altar of Kikubaaqudgha.
  7562 | D:8      | Found Erieg's Armour Boutique.
  7717 | D:8      | Noticed Pikel
  7791 | D:8      | Reached skill level 8 in Armour
  7939 | D:8      | Found a radiant altar of Vehumet.
  8518 | D:8      | Found a sparkling altar of Nemelex Xobeh.
  8548 | D:8      | Slain by an orc warrior

Levels and vault maps discovered:
D:1:      saegor_arrival_simple_d, layout_basic
D:2:      layout_basic, first_ration
D:3:      layout_loops_corners, gammafunk_ghost_smash, grunt_ministairs_15
D:4:      layout_basic, kennysheep_mini, gammafunk_temple_overflow_pools,
          gup_sewer_entry_bubbles
D:5:      layout_loops_ring, minmay_temple_entry_sparse_star
D:6:      layout_loops_corners, gammafunk_ghost_split, kennysheep_potato
D:7:      layout_gridville, kennysheep_little_box
D:8:      layout_loops_ring, nemelex_xobeh_ov_fountains_minmay,
          nicolae_overflow_hidden_temple, serial_shops, shop, uniq_pikel
Temple:   nicolae_temple_great_sept

Skill      XL: |  1  2  3  4  5  6  7  8  9 |
---------------+----------------------------+-----
Axes           | 3 |  3.9
Fighting       | 4 5 6 7 |  7.3
Shields        | 4 5 7 |  7.9
Maces & Flails | 1 3 4 5 7 |  7.0
Armour         | 4 5 6 8 |  8.3
Throwing       | 1 2 |  2.2
Dodging        | 1 |  1.4
Stealth        | |  0.4

Action                   |  1- 3 |  4- 6 |  7- 9 || total
-------------------------+-------+-------+-------++-------
Melee: War axe           |   147 |     3 |       ||   150
       Flail             |       |   172 |   124 ||   296
       Mace              |       |       |   407 ||   407
Throw: Boomerang         |     1 |     4 |    71 ||    76
  Use: Scroll            |       |     3 |     6 ||     9
       Potion            |       |     1 |     8 ||     9
 Stab: Invisible         |       |       |     2 ||     2
  Eat: Chunk             |     3 |     5 |     9 ||    17
       Ration            |       |       |     3 ||     3
Armor: Scale mail        |    60 |    97 |    15 ||   172
       Chain mail        |       |       |   250 ||   250
       Skin              |       |       |    25 ||    25
Dodge: Dodged            |    44 |    63 |   147 ||   254
Block: Kite shield       |    79 |    91 |   314 ||   484

Table legend:
 A = Non-vault XP
 B = Vault XP
 C = Vault XP percentage of total XP
 D = Non-vault monster count
 E = Vault monster count
 F = Vault count percentage of total count
                 A         B        C        D         E       F
            +---------+---------+-------+---------+---------+-------
      Total |    4086 |     288 |   6.6 |     181 |      17 |   8.6
            +---------+---------+-------+---------+---------+-------
        D:1 |      24 |       0 |   0.0 |       7 |       0 |   0.0
        D:2 |      53 |       0 |   0.0 |      28 |       0 |   0.0
        D:3 |     154 |      19 |  11.0 |      43 |       2 |   4.4
        D:4 |     788 |      28 |   3.4 |      26 |       8 |  23.5
        D:5 |     541 |       0 |   0.0 |      22 |       0 |   0.0
        D:6 |    1021 |     133 |  11.5 |      25 |       1 |   3.8
        D:7 |     453 |       0 |   0.0 |       7 |       0 |   0.0
        D:8 |    1038 |       0 |   0.0 |      22 |       0 |   0.0
     Temple |      14 |       0 |   0.0 |       1 |       0 |   0.0
      Sewer |       0 |     108 | 100.0 |       0 |       6 | 100.0
            +---------+---------+-------+---------+---------+-------
